 Dungeon Crawl Stone Soup version 0.29.1-1-gd02db6906a (webtiles) character file.

Game seed: 3315625111034251125

177 MisterFreud the Twirler (level 5, -7/39 HPs)
             Began as a Formicid Gladiator on Sept 29, 2022.
             Mangled by Edmund
             ... wielding a +0 dire flail of holy wrath
              (8 damage)
             ... on level 4 of the Dungeon.
             The game lasted 00:03:17 (3586 turns).

MisterFreud the Twirler (Formicid Gladiator)        Turns: 3586, Time: 00:03:17

Health: -7/39      AC:  5    Str: 20    XL:     5   Next: 87%
Magic:  5/5        EV: 12    Int:  8    God:
Gold:   144        SH:  0    Dex: 15    Spells: 4/4 levels left

rFire   . . .      SeeInvis +   a - +0 quarterstaff
rCold   . . .      Faith    +   (no shield)
rNeg    . . .      Spirit   .   b - +1 leather armour
rPois   .          Reflect  .   (helmet unavailable)
rElec   .          Harm     .   p - +0 cloak
rCorr   .          Rampage  .   (no gloves)
Will    .....                   (no boots)
Stlth   +.........              n - amulet of faith
HPRegen 0.13/turn               (no ring)
MPRegen 0.09/turn               (no ring)

@: no status effects
A: permanent stasis, dig shafts and tunnels, antennae 3, four strong arms
a: Dig, Shaft Self


You were on level 4 of the Dungeon.
You visited 1 branch of the dungeon, and saw 4 of its levels.

You collected 144 gold pieces.

Inventory:

Hand Weapons
 a - a +0 quarterstaff (weapon)
Missiles
 c - 2 throwing nets (quivered)
 h - 5 boomerangs
Armour
 b - a +1 leather armour (worn)
 p - a +0 cloak (worn)
Jewellery
 n - an amulet of faith (around neck)
Scrolls
 f - 3 scrolls of fear
 l - a scroll of summoning {unknown}
 m - a scroll of butterflies {unknown}
 o - a scroll of identify {unknown}
Potions
 e - a potion of brilliance {unknown}
 g - 2 potions of attraction {unknown}
 i - a potion of heal wounds {unknown}
 j - a potion of invisibility {unknown}
 k - a potion of curing {unknown}
 q - a potion of lignification {unknown}


   Skills:
 + Level 2.5 Fighting
 - Level 6.0 Staves
 - Level 2.0 Throwing
 - Level 2.6 Dodging


You had 4 spell levels left.
You didn't know any spells.
Your spell library contained the following spells:

 Spells                   Type           Power      Damage    Failure   Level
 Static Discharge         Conj/Air       0%         3-3/arc   61%         2
 Dispel Undead            Necr           0%         3d6       99%         4
 Sticky Flame             Conj/Fire      0%         2d3       99%         4


Dungeon Overview and Level Annotations

Branches:
Dungeon (4/15)
 Temple: D:4-7

Altars:
Gozag
Trog

Shops:
D:2 [   D:3 =

Annotations:
D:4 Edmund, Menkaure


Innate Abilities, Weirdness & Mutations

You cannot be hasted, slowed, berserked, paralysed or teleported.
You can dig through walls and to a lower floor.
You have a pair of large antennae on your head. (SInv)
Your four strong arms can wield two-handed weapons with a shield.


Message History

Edmund is lightly wounded.
Throw: 2 darts (poison)
Press: ? - help, Q - select action, (/) - cycle Shift-Dir - straight line, f/p - Edmund
Aim: Edmund, wielding a +0 dire flail of holy wrath, wearing a +0 leather armour and carrying a wand of flame (26) (lightly wounded, very poisoned, 60% to hit)
You throw a poisoned dart. The poisoned dart hits Edmund.
Edmund looks even sicker.
Edmund is lightly wounded.
Unknown command.
Throw: dart (poison)
Press: ? - help, Q - select action, (/) - cycle Shift-Dir - straight line, f/p - Edmund
Aim: Edmund, wielding a +0 dire flail of holy wrath, wearing a +0 leather armour and carrying a wand of flame (26) (lightly wounded, very poisoned, 60% to hit)
You throw a poisoned dart.
The poisoned dart closely misses Edmund.
Unknown command.
Unknown command.
Throw: javelin
Press: ? - help, Shift-Dir - straight line, f/p - Edmund
Aim: Edmund, wielding a +0 dire flail of holy wrath, wearing a +0 leather armour and carrying a wand of flame (26) (lightly wounded, very poisoned, 60% to hit)
You throw a javelin. The javelin closely misses Edmund.
Unknown command.
Unknown command.
Unknown command.
You barely miss Edmund.
Edmund is lightly wounded.
Edmund hits you with a +0 dire flail of holy wrath!
You hit Edmund but do no damage.
Edmund is lightly wounded.
Edmund hits you with a +0 dire flail of holy wrath!
* * * LOW HITPOINT WARNING * * *
You sock Edmund!
Edmund is moderately wounded.
Edmund barely misses you.
You sock Edmund!
Edmund is severely wounded.
Edmund says, "People accused me of being a cutpurse!"
Edmund hits you with a +0 dire flail of holy wrath!
* * * LOW HITPOINT WARNING * * *
Edmund attacks as you move away!
Edmund hits you with a +0 dire flail of holy wrath!
You die...

....... .#####. ..(#.(#
#####. #...(.# #.#.....
##.PP(.# #.......
.#######..._..####.........
.......#....P....####{...h.
................?. .'...h..
..........@..#####..#......
..........@...# ## #......
.......##.##..# .###...
....... #.# ..# .. '..(
....... #.# ... ....... #..
.#.# ####### ### #.# #


You could see Edmund (very poisoned).

Vanquished Creatures
  A black bear (D:3)
  Natasha (D:3)
  An adder skeleton (D:2)
  A dart slug (D:2)
  4 ball pythons
  4 bats
  A bat skeleton (D:2)
  A bat zombie (D:2)
  3 endoplasms
  5 giant cockroaches
  5 goblins
  5 hobgoblins
  A jackal (D:3)
  5 kobolds
  2 quokkas (D:1)
  A ball python zombie (D:2)
  5 frilled lizards
  A quokka zombie (D:2)
  6 rats
53 creatures vanquished.

Notes
Turn   | Place    | Note
-------+----------+-------------------------------------------
     0 | D:1      | MisterFreud the Formicid Gladiator began the quest for the
                  | Orb.
     0 | D:1      | Reached XP level 1. HP: 16/16 MP: 1/1
   129 | D:1      | Reached XP level 2. HP: 7/22 MP: 2/2
   506 | D:1      | Found a faded altar of an unknown god.
  1202 | D:2      | Reached skill level 4 in Staves
  1202 | D:2      | Reached XP level 3. HP: 27/27 MP: 3/3
  1315 | D:2      | Found Wafunacvom's Armour Emporium.
  1964 | D:3      | Found an opulent altar of Gozag.
  2217 | D:3      | Reached XP level 4. HP: 30/33 MP: 4/4
  2434 | D:3      | Found Noig's Jewellery Shop.
  3017 | D:4      | Noticed a black bear
  3017 | D:4      | Noticed a black bear
  3017 | D:4      | Noticed Natasha
  3017 | D:4      | Found a bloodstained altar of Trog.
  3140 | D:4      | Noticed Menkaure
  3169 | D:3      | Killed Natasha
  3170 | D:3      | Reached skill level 5 in Staves
  3418 | D:4      | Noticed Edmund
  3428 | D:3      | Killed a black bear
  3429 | D:3      | Reached skill level 6 in Staves
  3429 | D:3      | Reached XP level 5. HP: 20/39 MP: 5/5
  3585 | D:4      | HP: 1/39 [Edmund/+0 dire flail of holy wrath (9)]
  3586 | D:4      | Mangled by Edmund

Illustrated notes

Levels and vault maps discovered:
D:1:      minmay_arrival_split_and_join, layout_rooms,
          hellmonk_ecumenical_altar_lost_god
D:2:      layout_rooms, serial_shops, nicolae_shop_window_shopping,
          serial_undead, serial_undead_d, serial_undead_e, serial_undead_a,
          serial_undead_e
D:3:      kb_forest_paths, layout_basic, nicolae_gozag_seed_capital,
          serial_shops, nicolae_diamond_shop
D:4:      layout_basic, trog_ov_bears_minmay, nicolae_dithmenos_the_darkroom,
          serial_shops, shop, dk_noncrumbling_4, minmay_mini_ossuary,
          uniq_natasha, uniq_edmund, uniq_menkaure

Skill      XL: |  1  2  3  4 |
---------------+-------------+-----
Staves         | 4 6 |  6.0
Fighting       | |  2.5
Throwing       | |  2.0
Dodging        | |  2.6

Action                   |  1- 3 |  4- 6 || total
-------------------------+-------+-------++-------
Melee: Quarterstaff      |   110 |    30 ||   140
       Punch             |       |     1 ||     1
Throw: Throwing net      |       |     1 ||     1
       Dart              |       |     6 ||     6
       Javelin           |       |     1 ||     1
  Use: Scroll            |     7 |     1 ||     8
 Stab: Sleeping          |     2 |     1 ||     3
Armor: Leather armour    |    22 |    10 ||    32
Dodge: Dodged            |    70 |    14 ||    84
